Demolitions vs Gangsters
Created - 12 octobre 2014 at 19:05
Goals
|
Demolitions |
2 |
2 |
1 |
0 |
5 |
Gangsters |
0 |
3 |
2 |
1 |
6 |
|
Shots
|
Demolitions |
13 |
12 |
8 |
0 |
33 |
Gangsters |
9 |
10 |
7 |
1 |
27 |
|
1st period
1. Demolitions , Brandon Dubinsky 4 (Daniel Paille) at 1:10 (PP)
2. Demolitions , T.J. Hensick 5 (Anthony Stewart, Anssi Salmela) at 8:13
Penalties :
Colten Teubert (Bro) for Hooking (Minor) at 1:04, Seth Helgeson (Vic) for Cross-checking (Minor) at 11:04, Anton Babchuk (Vic) for Goalie Interference (Minor) at 17:50
2nd period
3. Demolitions , Brad Richardson 5 (Daniel Paille, Brandon Dubinsky) at 6:43 (PP)
4. Gangsters , Ben Holmstrom 2 (Bryan Young) at 8:54
5. Demolitions , Jordan LaVallee 6 (Anssi Salmela, Darren Helm) at 13:25
6. Gangsters , Mikko Lehtonen 5 (Chris Bourque, Shaun Heska) at 13:59
7. Gangsters , Jaroslav Balastik 2 (Artem Anisimov, Ryan Jones) at 14:07
Penalties :
Igor Radulov (Bro) for Roughing (Minor) at 1:48, Bryan Young (Bro) for Slashing (Minor) at 6:37
3rd period
8. Demolitions , Brad Richardson 6 (Brandon Dubinsky, Daniel Paille) at 2:08
9. Gangsters , Alexandre Bolduc 6 (Igor Radulov, Ryan Keller) at 7:37
10. Gangsters , Alexandre Bolduc 7 (Ryan Keller, Igor Radulov) at 19:37
Penalties :
Jaroslav Balastik (Bro) for High sticking (Minor) at 2:37, Richard Panik (Bro) for High sticking (Minor) at 8:40, Mikko Lehtonen (Bro) for Roughing (Minor) at 13:51
Overtime #1
11. Gangsters , Igor Radulov 12 (Jaroslav Balastik) at 0:08
Penalties :
No Penalty
Goalie Stats
Chad Johnson (Vic), 21 saves from 27 shots - (0,778), OTL, 3-0-3, 60:08 minutes
Dustin Tokarski (Bro), 28 saves from 33 shots - (0,848), W, 1-1-0, 59:57 minutes
Players Stats for Demolitions
Player Name G A P +/- PIM S H SB GA TA FO MP PP MP PK MP
------------------------------------------------------------------------------------
Anssi Salmela 0 2 2 2 0 0 1 2 0 1 0/0 20:29 2:26 2:00
Anthony Stewart 0 1 1 0 0 2 2 0 0 1 0/2 18:29 3:23 1:05
Anton Babchuk 0 0 0 -4 2 1 2 2 1 2 0/0 27:31 5:42 1:01
Bobby Butler 0 0 0 0 0 1 2 0 1 0 1/1 17:07 3:23 0:00
Brad Richardson 2 0 2 -2 0 5 2 0 1 1 2/2 22:22 4:39 2:04
Brandon Dubinsky 1 2 3 -2 0 4 3 0 1 0 13/30 22:22 4:39 2:04
Chris Wideman 0 0 0 -1 0 0 0 1 0 0 0/0 13:37 0:00 1:55
Corban Knight 0 0 0 -2 0 0 0 0 0 0 2/3 6:10 0:00 0:00
Daniel Paille 0 3 3 -1 0 5 1 0 1 0 2/4 20:59 4:39 0:49
Darren Helm 0 1 1 1 0 1 1 1 0 1 3/4 12:18 0:06 0:00
Jordan LaVallee 1 0 1 1 0 7 0 1 0 0 0/0 12:18 0:06 0:00
Konstantin Pushkarev 0 0 0 1 0 0 1 0 0 0 0/1 12:18 0:06 0:00
Kyle Cumiskey 0 0 0 -4 0 0 1 0 1 2 0/0 28:51 5:42 2:20
Petr Vrana 0 0 0 -2 0 1 1 1 0 0 0/0 6:59 0:00 0:49
Seth Helgeson 0 0 0 2 2 1 1 2 0 0 0/0 18:43 2:26 0:40
Spencer Machacek 0 0 0 -2 0 1 0 0 1 0 0/0 6:10 0:00 0:00
T.J. Hensick 1 0 1 0 0 4 1 1 0 0 11/22 18:29 3:23 1:05
Tim Erixon 0 0 0 -1 0 0 0 1 0 1 0/0 11:20 0:00 0:00
Players Stats for Gangsters
Player Name G A P +/- PIM S H SB GA TA FO MP PP MP PK MP
------------------------------------------------------------------------------------
Alexandre Bolduc 2 0 2 1 0 4 0 0 0 0 15/30 21:06 2:16 1:30
Artem Anisimov 0 1 1 -1 0 3 2 0 0 0 5/10 15:29 1:39 0:00
Ben Holmstrom 1 0 1 1 0 1 0 0 1 0 2/5 10:00 0:00 2:15
Brett Ponich 0 0 0 1 0 0 0 0 0 0 0/0 10:01 0:12 0:00
Bryan Young 0 1 1 4 2 1 0 2 1 0 0/0 30:11 1:54 4:39
Chris Bourque 0 1 1 1 0 1 0 0 0 0 1/2 12:06 0:00 3:01
Colten Teubert 0 0 0 -2 2 1 2 2 1 4 0/0 19:54 1:52 3:29
Curtis McKenzie 0 0 0 0 0 0 0 0 0 0 0/0 0:31 0:00 0:31
Dave Dziurzynski 0 0 0 1 0 3 2 0 0 0 1/1 7:43 0:00 0:00
Gabriel Dumont 0 0 0 0 0 0 0 0 0 0 0/0 0:00 0:00 0:00
Igor Radulov 1 2 3 2 2 4 1 2 2 0 6/11 23:19 2:12 3:40
Jaroslav Balastik 1 1 2 0 2 3 2 2 2 0 0/1 19:42 1:39 4:04
Luke Gazdic 0 0 0 0 0 0 0 0 0 0 0/0 0:00 0:00 0:00
Matt Delahey 0 0 0 -2 0 1 1 1 0 0 0/0 19:55 1:52 3:29
Maxime Sauvé 0 0 0 1 0 0 0 0 0 0 1/5 9:01 0:07 0:00
Michael Sdao 0 0 0 1 0 0 1 1 0 0 0/0 10:01 0:12 0:00
Mikko Lehtonen 1 0 1 1 2 2 1 0 0 0 0/0 9:08 0:10 0:00
Nathan Moon 0 0 0 0 0 0 0 0 0 0 0/0 0:00 0:00 0:00
Phil McRae 0 0 0 0 0 0 0 0 0 0 0/0 0:00 0:00 0:00
Richard Panik 0 0 0 1 2 0 0 0 0 0 0/0 7:44 0:00 0:00
Ryan Jones 0 1 1 -1 0 0 2 1 1 0 2/2 15:29 1:39 0:00
Ryan Keller 0 2 2 1 0 2 0 1 1 0 2/2 20:46 2:12 1:15
Shaun Heska 0 1 1 4 0 1 0 2 0 3 0/0 30:12 1:54 4:39
3 Stars
1 - Igor Radulov (Bro)
2 - Alexandre Bolduc (Bro)
3 - Brandon Dubinsky (Vic)
Power Play
Demolitions - 2 on 6 Attempt(s) - 33,33%
Gangsters - 0 on 2 Attempt(s) - 0,00%
Penalty Kill
Demolitions - 2 on 2 Attempt(s) - 100,00%
- Score 0 goal in Penalty Kill
Gangsters - 4 on 6 Attempt(s) - 66,67%
- Score 0 goal in Penalty Kill
Official
Referees : Morton Dean and Watson Brad
Linesman : Tony Sericolo and Derek Amell
Game Notes
No Game Note
Finance
Level 1 -- Attendance: 1356 (67,80%) -- Ticket Income 47 460 $
Level 2 -- Attendance: 747 (74,70%) -- Ticket Income 11 205 $
Total Attendance: 2103 (70,10%)
Total Ticket Income: 58 665 $
Other Income: 2 933 $
Total Income: 61 598 $
Demolitions
5 vs 5 Forward
Center Left Wing Right Wing Time % Phy DF OF
1 Brandon Dubinsky Daniel Paille Brad Richardson 40 0 2 3
2 T.J. Hensick Bobby Butler Anthony Stewart 39 0 2 3
3 Darren Helm Jordan LaVallee Konstantin Pushkarev 20 0 3 2
4 Corban Knight Petr Vrana Spencer Machacek 1 1 2 2
5 vs 5 Defense
Defense Defense Time % Phy DF OF
1 Kyle Cumiskey Anton Babchuk 40 1 2 2
2 Anssi Salmela Seth Helgeson 30 1 2 2
3 Tim Erixon Chris Wideman 20 1 2 2
4 Kyle Cumiskey Anton Babchuk 10 1 2 2
PowerPlay Forward
Center Left Wing Right Wing Time % Phy DF OF
1 Brandon Dubinsky Daniel Paille Brad Richardson 60 1 2 2
2 T.J. Hensick Bobby Butler Anthony Stewart 40 1 2 2
PowerPlay Defense
Defense Defense Time % Phy DF OF
1 Kyle Cumiskey Anton Babchuk 60 1 2 2
2 Anssi Salmela Seth Helgeson 40 1 2 2
Penalty Kill 4 Players Forward
Center Wing Time % Phy DF OF
1 Brandon Dubinsky Brad Richardson 60 1 2 2
2 Anthony Stewart T.J. Hensick 40 1 2 2
Penalty Kill 4 Players Defense
Defense Defense Time % Phy DF OF
1 Kyle Cumiskey Anton Babchuk 60 1 2 2
2 Anssi Salmela Seth Helgeson 40 1 2 2
Penalty Kill - 3 Players Forward
Forward Time % Phy DF OF
1 Brandon Dubinsky 60 1 2 2
2 Brad Richardson 40 1 2 2
Penalty Kill - 3 Players Defense
Defense Defense Time % Phy DF OF
1 Kyle Cumiskey Anton Babchuk 60 1 2 2
2 Anssi Salmela Seth Helgeson 40 1 2 2
4 vs 4 Forward
Center Wing Time % Phy DF OF
1 Brandon Dubinsky Brad Richardson 60 1 2 2
2 Anthony Stewart T.J. Hensick 40 1 2 2
4 vs 4 Defense
Defense Defense Time % Phy DF OF
1 Kyle Cumiskey Anton Babchuk 60 1 2 2
2 Anssi Salmela Seth Helgeson 40 1 2 2
Last Minutes Offensive
Center Left Wing Right Wing Defense Defense
Brandon Dubinsky Daniel Paille Brad Richardson Kyle Cumiskey Anton Babchuk
Last Minutes Defensive
Center Left Wing Right Wing Defense Defense
Brandon Dubinsky Daniel Paille Brad Richardson Kyle Cumiskey Anton Babchuk
Goaltenders
Starting : Chad Johnson
Backup : Brent Krahn
Extra Forwards
Normal : Darren Helm, Jordan LaVallee, Petr Vrana - PP : Darren Helm, Jordan LaVallee - PK : Petr Vrana
Extra Defensemen
Normal : Tim Erixon, Chris Wideman, Anssi Salmela - PP : Tim Erixon - PK : Chris Wideman, Anssi Salmela
Penalty Shots
Brandon Dubinsky, Brad Richardson, Anthony Stewart, T.J. Hensick, Daniel Paille
Gangsters
5 vs 5 Forward
Center Left Wing Right Wing Time % Phy DF OF
1 Alexandre Bolduc Igor Radulov Ryan Keller 40 1 2 2
2 Artem Anisimov Jaroslav Balastik Ryan Jones 30 1 2 2
3 Maxime Sauvé Chris Bourque Mikko Lehtonen 20 1 2 2
4 Ben Holmstrom Dave Dziurzynski Richard Panik 10 1 2 2
5 vs 5 Defense
Defense Defense Time % Phy DF OF
1 Shaun Heska Bryan Young 40 1 2 2
2 Colten Teubert Matt Delahey 30 1 2 2
3 Michael Sdao Brett Ponich 20 1 2 2
4 Shaun Heska Bryan Young 10 1 2 2
PowerPlay Forward
Center Left Wing Right Wing Time % Phy DF OF
1 Alexandre Bolduc Igor Radulov Ryan Keller 60 1 2 2
2 Artem Anisimov Jaroslav Balastik Ryan Jones 40 1 2 2
PowerPlay Defense
Defense Defense Time % Phy DF OF
1 Shaun Heska Bryan Young 60 1 2 2
2 Colten Teubert Matt Delahey 40 1 2 2
Penalty Kill 4 Players Forward
Center Wing Time % Phy DF OF
1 Igor Radulov Jaroslav Balastik 60 1 2 2
2 Chris Bourque Ryan Keller 40 1 2 2
Penalty Kill 4 Players Defense
Defense Defense Time % Phy DF OF
1 Shaun Heska Bryan Young 60 1 2 2
2 Colten Teubert Matt Delahey 40 1 2 2
Penalty Kill - 3 Players Forward
Forward Time % Phy DF OF
1 Igor Radulov 60 1 2 2
2 Jaroslav Balastik 40 1 2 2
Penalty Kill - 3 Players Defense
Defense Defense Time % Phy DF OF
1 Shaun Heska Bryan Young 60 1 2 2
2 Colten Teubert Matt Delahey 40 1 2 2
4 vs 4 Forward
Center Wing Time % Phy DF OF
1 Igor Radulov Jaroslav Balastik 60 1 2 2
2 Chris Bourque Ryan Keller 40 1 2 2
4 vs 4 Defense
Defense Defense Time % Phy DF OF
1 Shaun Heska Bryan Young 60 1 2 2
2 Colten Teubert Matt Delahey 40 1 2 2
Last Minutes Offensive
Center Left Wing Right Wing Defense Defense
Alexandre Bolduc Igor Radulov Ryan Keller Shaun Heska Bryan Young
Last Minutes Defensive
Center Left Wing Right Wing Defense Defense
Alexandre Bolduc Igor Radulov Ryan Keller Shaun Heska Bryan Young
Goaltenders
Starting : Dustin Tokarski
Backup : David LeNeveu
Extra Forwards
Normal : Mikko Lehtonen, Maxime Sauvé, Ben Holmstrom - PP : Mikko Lehtonen, Maxime Sauvé - PK : Ben Holmstrom
Extra Defensemen
Normal : Michael Sdao, Brett Ponich, Colten Teubert - PP : Michael Sdao - PK : Brett Ponich, Colten Teubert
Penalty Shots
Igor Radulov, Jaroslav Balastik, Chris Bourque, Ryan Keller, Alexandre Bolduc
% Time on Ice - Demolitions
Lines # - Real PCT - Wanted PCT - Time Play
Normal Forward
1 - 31% - 40% - 14:47
2 - 30% - 39% - 14:01
3 - 26% - 20% - 12:09
4 - 13% - 1% - 6:10
Normal Defense
1 - 38% - 40% - 17:50
2 - 34% - 30% - 15:53
3 - 24% - 20% - 11:20
4 - 4% - 10% - 2:04
PP Forward
1 - 58% - 60% - 4:45
2 - 42% - 40% - 3:23
PP Defense
1 - 70% - 60% - 5:42
2 - 30% - 40% - 2:26
PK Forward
1 - 73% - 60% - 2:53
2 - 27% - 40% - 1:05
PK Defense
1 - 59% - 60% - 2:20
2 - 41% - 40% - 1:38
PK3 Forward
1 - 0% - 60%
2 - 0% - 40%
PK3 Defense
1 - 0% - 60%
2 - 0% - 40%
44 Forward
1 - 100% - 60% - 0:08
2 - 0% - 40% - 0:00
44 Defense
1 - 100% - 60% - 0:08
2 - 0% - 40% - 0:00
Last Minute Offensive - 0:00
Last Minute Defensive - 0:47
Total
Forward - 60:08
Defense - 60:08
|
% Time on Ice - Gangsters
Lines # - Real PCT - Wanted PCT - Time Play
Normal Forward
1 - 35% - 40% - 16:38
2 - 30% - 30% - 13:55
3 - 19% - 20% - 8:54
4 - 16% - 10% - 7:43
Normal Defense
1 - 43% - 40% - 20:30
2 - 31% - 30% - 14:34
3 - 20% - 20% - 9:27
4 - 6% - 10% - 2:39
PP Forward
1 - 58% - 60% - 2:19
2 - 42% - 40% - 1:39
PP Defense
1 - 53% - 60% - 2:06
2 - 47% - 40% - 1:52
PK Forward
1 - 85% - 60% - 6:53
2 - 15% - 40% - 1:15
PK Defense
1 - 57% - 60% - 4:39
2 - 43% - 40% - 3:29
PK3 Forward
1 - 0% - 60%
2 - 0% - 40%
PK3 Defense
1 - 0% - 60%
2 - 0% - 40%
44 Forward
1 - 100% - 60% - 0:08
2 - 0% - 40% - 0:00
44 Defense
1 - 100% - 60% - 0:08
2 - 0% - 40% - 0:00
Last Minute Offensive - 0:44
Last Minute Defensive - 0:00
Total
Forward - 60:08
Defense - 60:08
|
Play by Play
1st period
0:01 of 1st period - Brandon Dubinsky wins face-off versus Alexandre Bolduc in neutral zone.
0:16 of 1st period - Slapshot by Daniel Paille.
0:16 of 1st period - Stopped by Dustin Tokarski with a rebound.
1:04 of 1st period - Minor Penalty to Colten Teubert for Hooking.
1:05 of 1st period - Brandon Dubinsky wins face-off versus Igor Radulov in Gangsters zone.
1:10 of 1st period - Wrist shot by Brandon Dubinsky.
1:10 of 1st period - Goal by Brandon Dubinsky - Demolitions : 1 - Gangsters : 0.
1:11 of 1st period - Brandon Dubinsky wins face-off versus Ben Holmstrom in neutral zone.
1:20 of 1st period - Wrist shot by Brandon Dubinsky.
1:20 of 1st period - Deflect By Daniel Paille.
1:20 of 1st period - Stopped by Dustin Tokarski without a rebound.
1:21 of 1st period - Ben Holmstrom wins face-off versus Brandon Dubinsky in Gangsters zone.
1:48 of 1st period - Wrist shot by Dave Dziurzynski.
1:48 of 1st period - Stopped by Chad Johnson with a rebound.
2:42 of 1st period - Snap shot by Ben Holmstrom.
2:42 of 1st period - Deflect By Richard Panik.
2:42 of 1st period - Shot Misses the Net.
2:42 of 1st period - Puck is out of play.
2:43 of 1st period - Alexandre Bolduc wins face-off versus T.J. Hensick in Demolitions zone.
2:48 of 1st period - Slapshot by Igor Radulov.
2:48 of 1st period - Stopped by Chad Johnson without a rebound.
2:49 of 1st period - Alexandre Bolduc wins face-off versus T.J. Hensick in Demolitions zone.
2:58 of 1st period - Slapshot by T.J. Hensick.
2:58 of 1st period - Stopped by Dustin Tokarski without a rebound.
2:59 of 1st period - Artem Anisimov wins face-off versus T.J. Hensick in Gangsters zone.
2:59 of 1st period - Artem Anisimov is hit by Bobby Butler.
4:05 of 1st period - Snap shot by Artem Anisimov.
4:05 of 1st period - Stopped by Chad Johnson with a rebound.
4:43 of 1st period - Slapshot by Spencer Machacek.
4:43 of 1st period - Stopped by Dustin Tokarski without a rebound.
4:44 of 1st period - Corban Knight wins face-off versus Alexandre Bolduc in Gangsters zone.
5:32 of 1st period - Snap shot by Chris Bourque.
5:32 of 1st period - Stopped by Chad Johnson with a rebound.
5:34 of 1st period - Wrist shot by Chris Bourque.
5:34 of 1st period - Shot Misses the Net.
5:36 of 1st period - Slapshot by Bryan Young.
5:36 of 1st period - Shot Blocked by Jordan LaVallee.
5:58 of 1st period - Snap shot by Brandon Dubinsky.
5:58 of 1st period - Shot Misses the Net.
6:00 of 1st period - Snap shot by Daniel Paille.
6:00 of 1st period - Shot Blocked by Igor Radulov.
6:02 of 1st period - Snap shot by Seth Helgeson.
6:02 of 1st period - Stopped by Dustin Tokarski with a rebound.
6:14 of 1st period - Snap shot by Artem Anisimov.
6:14 of 1st period - Shot Misses the Net.
6:20 of 1st period - Kyle Cumiskey is hit by Jaroslav Balastik and loses puck.
6:38 of 1st period - Slapshot by T.J. Hensick.
6:38 of 1st period - Shot Blocked by Colten Teubert.
6:40 of 1st period - Snap shot by T.J. Hensick.
6:40 of 1st period - Shot Misses the Net.
6:42 of 1st period - Slapshot by Kyle Cumiskey.
6:42 of 1st period - Shot Hit the Post.
6:52 of 1st period - Darren Helm is hit by Colten Teubert.
7:00 of 1st period - Snap shot by Darren Helm.
7:00 of 1st period - Stopped by Dustin Tokarski with a rebound.
7:20 of 1st period - Daniel Paille is hit by Colten Teubert.
7:41 of 1st period - Wrist shot by Anthony Stewart.
7:41 of 1st period - Stopped by Dustin Tokarski without a rebound.
7:42 of 1st period - T.J. Hensick wins face-off versus Artem Anisimov in Gangsters zone.
7:51 of 1st period - Slapshot by T.J. Hensick.
7:51 of 1st period - Shot Misses the Net.
7:53 of 1st period - Slapshot by Kyle Cumiskey.
7:53 of 1st period - Shot Blocked by Jaroslav Balastik.
7:59 of 1st period - Wrist shot by Anthony Stewart.
7:59 of 1st period - Stopped by Dustin Tokarski with a rebound.
8:01 of 1st period - Wrist shot by T.J. Hensick.
8:01 of 1st period - Deflect By Bobby Butler.
8:01 of 1st period - Stopped by Dustin Tokarski with a rebound.
8:13 of 1st period - Snap shot by T.J. Hensick.
8:13 of 1st period - Goal by T.J. Hensick - Demolitions : 2 - Gangsters : 0.
8:14 of 1st period - Brandon Dubinsky wins face-off versus Alexandre Bolduc in neutral zone.
8:41 of 1st period - Kyle Cumiskey is hit by Ryan Jones and loses puck.
8:46 of 1st period - Snap shot by Artem Anisimov.
8:46 of 1st period - Stopped by Chad Johnson without a rebound.
8:47 of 1st period - T.J. Hensick wins face-off versus Maxime Sauvé in Demolitions zone.
9:01 of 1st period - Icing by Anssi Salmela.
9:02 of 1st period - Alexandre Bolduc wins face-off versus T.J. Hensick in Demolitions zone.
9:14 of 1st period - Icing by Seth Helgeson.
9:15 of 1st period - Alexandre Bolduc wins face-off versus T.J. Hensick in Demolitions zone.
9:16 of 1st period - Slapshot by Ryan Keller.
9:16 of 1st period - Shot Blocked by Anssi Salmela.
9:18 of 1st period - Snap shot by Igor Radulov.
9:18 of 1st period - Shot Blocked by Anssi Salmela.
9:20 of 1st period - Backhand shot by Shaun Heska.
9:20 of 1st period - Deflect By Ryan Keller.
9:20 of 1st period - Shot Hit the Post.
9:20 of 1st period - Puck is out of play.
9:21 of 1st period - Brandon Dubinsky wins face-off versus Alexandre Bolduc in Demolitions zone.
11:02 of 1st period - Slapshot by Bryan Young.
11:02 of 1st period - Deflect By Brandon Dubinsky.
11:02 of 1st period - Stopped by Chad Johnson with a rebound.
11:04 of 1st period - Minor Penalty to Seth Helgeson for Cross-checking.
11:05 of 1st period - Brandon Dubinsky wins face-off versus Alexandre Bolduc in Demolitions zone.
11:19 of 1st period - Brad Richardson is hit by Igor Radulov and loses puck.
11:39 of 1st period - Brandon Dubinsky is hit by Artem Anisimov and loses puck.
13:04 of 1st period - Penalty to Seth Helgeson is over, Seth Helgeson is back on ice.
13:25 of 1st period - Wrist shot by Jordan LaVallee.
13:25 of 1st period - Stopped by Dustin Tokarski without a rebound.
13:26 of 1st period - T.J. Hensick wins face-off versus Maxime Sauvé in Gangsters zone.
13:51 of 1st period - Anton Babchuk is hit by Dave Dziurzynski and loses puck.
14:04 of 1st period - Michael Sdao is hit by Kyle Cumiskey and loses puck.
14:43 of 1st period - Wrist shot by Artem Anisimov.
14:43 of 1st period - Stopped by Chad Johnson without a rebound.
14:44 of 1st period - T.J. Hensick wins face-off versus Jaroslav Balastik in Demolitions zone.
15:31 of 1st period - Colten Teubert is hit by Konstantin Pushkarev and loses puck.
15:55 of 1st period - Snap shot by Jaroslav Balastik.
15:55 of 1st period - Deflect By Artem Anisimov.
15:55 of 1st period - Shot Blocked by Petr Vrana.
15:55 of 1st period - Puck is out of play.
15:56 of 1st period - Artem Anisimov wins face-off versus Corban Knight in Demolitions zone.
15:59 of 1st period - Wrist shot by Ryan Jones.
15:59 of 1st period - Shot Misses the Net.
16:11 of 1st period - Slapshot by Petr Vrana.
16:11 of 1st period - Shot Blocked by Ryan Jones.
16:34 of 1st period - Shaun Heska is hit by Brandon Dubinsky and loses puck.
17:15 of 1st period - Snap shot by Jordan LaVallee.
17:15 of 1st period - Stopped by Dustin Tokarski without a rebound.
17:16 of 1st period - Artem Anisimov wins face-off versus Brandon Dubinsky in Gangsters zone.
17:16 of 1st period - Ryan Jones is hit by Seth Helgeson and loses puck.
17:22 of 1st period - Icing by Matt Delahey.
17:23 of 1st period - Artem Anisimov wins face-off versus Brandon Dubinsky in Gangsters zone.
17:23 of 1st period - Artem Anisimov is hit by Brandon Dubinsky.
17:47 of 1st period - Snap shot by Artem Anisimov.
17:47 of 1st period - Deflect By Jaroslav Balastik.
17:47 of 1st period - Stopped by Chad Johnson without a rebound.
17:48 of 1st period - T.J. Hensick wins face-off versus Alexandre Bolduc in Demolitions zone.
17:50 of 1st period - Minor Penalty to Anton Babchuk for Goalie Interference.
17:51 of 1st period - Alexandre Bolduc wins face-off versus Brandon Dubinsky in Demolitions zone.
17:55 of 1st period - Slapshot by Ryan Keller.
17:55 of 1st period - Shot Blocked by Chris Wideman.
17:57 of 1st period - Snap shot by Alexandre Bolduc.
17:57 of 1st period - Stopped by Chad Johnson without a rebound.
17:58 of 1st period - Alexandre Bolduc wins face-off versus Brandon Dubinsky in Demolitions zone.
18:39 of 1st period - Snap shot by Anthony Stewart.
18:39 of 1st period - Shot Blocked by Shaun Heska.
19:50 of 1st period - Penalty to Anton Babchuk is over, Anton Babchuk is back on ice.
Goals for this period are 2 for Demolitions vs 0 for Gangsters.
Shots for this period are 13 for Demolitions vs 9 for Gangsters.
2nd period
0:01 of 2nd period - T.J. Hensick wins face-off versus Alexandre Bolduc in neutral zone.
0:04 of 2nd period - Snap shot by Bobby Butler.
0:04 of 2nd period - Shot Misses the Net.
0:36 of 2nd period - Snap shot by Anton Babchuk.
0:36 of 2nd period - Deflect By Brandon Dubinsky.
0:36 of 2nd period - Shot Misses the Net.
0:36 of 2nd period - Puck is out of play.
0:37 of 2nd period - Alexandre Bolduc wins face-off versus Anthony Stewart in Gangsters zone.
0:48 of 2nd period - Snap shot by Igor Radulov.
0:48 of 2nd period - Stopped by Chad Johnson with a rebound.
1:04 of 2nd period - Ryan Jones is hit by Brad Richardson and loses puck.
1:17 of 2nd period - Slapshot by Daniel Paille.
1:17 of 2nd period - Stopped by Dustin Tokarski without a rebound.
1:18 of 2nd period - Darren Helm wins face-off versus Alexandre Bolduc in Gangsters zone.
1:19 of 2nd period - Wrist shot by Jordan LaVallee.
1:19 of 2nd period - Stopped by Dustin Tokarski without a rebound.
1:20 of 2nd period - Alexandre Bolduc wins face-off versus Konstantin Pushkarev in Gangsters zone.
1:31 of 2nd period - Slapshot by Jordan LaVallee.
1:31 of 2nd period - Stopped by Dustin Tokarski without a rebound.
1:32 of 2nd period - Brad Richardson wins face-off versus Alexandre Bolduc in Gangsters zone.
1:48 of 2nd period - Minor Penalty to Igor Radulov for Roughing.
1:49 of 2nd period - Brad Richardson wins face-off versus Ben Holmstrom in Gangsters zone.
1:55 of 2nd period - Snap shot by Brad Richardson.
1:55 of 2nd period - Deflect By Jaroslav Balastik.
1:55 of 2nd period - Shot Blocked by Jaroslav Balastik.
1:55 of 2nd period - Puck is out of play.
1:56 of 2nd period - Ben Holmstrom wins face-off versus Daniel Paille in Gangsters zone.
2:24 of 2nd period - Icing by T.J. Hensick.
2:25 of 2nd period - Alexandre Bolduc wins face-off versus T.J. Hensick in Demolitions zone.
2:41 of 2nd period - Snap shot by T.J. Hensick.
2:41 of 2nd period - Shot Blocked by Matt Delahey.
3:11 of 2nd period - Icing by Brad Richardson.
3:12 of 2nd period - Alexandre Bolduc wins face-off versus Brandon Dubinsky in Demolitions zone.
3:48 of 2nd period - Penalty to Igor Radulov is over, Igor Radulov is back on ice.
4:13 of 2nd period - Colten Teubert is hit by Petr Vrana and loses puck.
5:04 of 2nd period - Slapshot by Artem Anisimov.
5:04 of 2nd period - Shot Misses the Net.
5:06 of 2nd period - Snap shot by Ryan Jones.
5:06 of 2nd period - Shot Blocked by Tim Erixon.
6:37 of 2nd period - Minor Penalty to Bryan Young for Slashing.
6:38 of 2nd period - Brandon Dubinsky wins face-off versus Igor Radulov in Gangsters zone.
6:43 of 2nd period - Slapshot by Brad Richardson.
6:43 of 2nd period - Goal by Brad Richardson - Demolitions : 3 - Gangsters : 0.
6:44 of 2nd period - T.J. Hensick wins face-off versus Alexandre Bolduc in neutral zone.
6:47 of 2nd period - Alexandre Bolduc is hit by Anthony Stewart.
6:53 of 2nd period - Wrist shot by Ryan Keller.
6:53 of 2nd period - Shot Hit the Post.
6:59 of 2nd period - Slapshot by T.J. Hensick.
6:59 of 2nd period - Shot Misses the Net.
7:18 of 2nd period - Slapshot by Ryan Keller.
7:18 of 2nd period - Shot Blocked by Darren Helm.
7:20 of 2nd period - Slapshot by Colten Teubert.
7:20 of 2nd period - Deflect By Igor Radulov.
7:20 of 2nd period - Shot Blocked by Anton Babchuk.
7:20 of 2nd period - Puck is out of play.
7:21 of 2nd period - Brandon Dubinsky wins face-off versus Artem Anisimov in Demolitions zone.
7:45 of 2nd period - Icing by Ryan Jones.
7:46 of 2nd period - Bobby Butler wins face-off versus Maxime Sauvé in Gangsters zone.
7:47 of 2nd period - Snap shot by T.J. Hensick.
7:47 of 2nd period - Stopped by Dustin Tokarski with a rebound.
8:01 of 2nd period - Snap shot by Mikko Lehtonen.
8:01 of 2nd period - Stopped by Chad Johnson with a rebound.
8:13 of 2nd period - Bryan Young is hit by Brandon Dubinsky and loses puck.
8:40 of 2nd period - Wrist shot by Artem Anisimov.
8:40 of 2nd period - Shot Blocked by Anton Babchuk.
8:54 of 2nd period - Slapshot by Ben Holmstrom.
8:54 of 2nd period - Goal by Ben Holmstrom - Demolitions : 3 - Gangsters : 1.
8:55 of 2nd period - Alexandre Bolduc wins face-off versus T.J. Hensick in neutral zone.
9:00 of 2nd period - Wrist shot by Ryan Keller.
9:00 of 2nd period - Shot Misses the Net.
9:32 of 2nd period - Snap shot by Ryan Jones.
9:32 of 2nd period - Shot Blocked by Seth Helgeson.
10:26 of 2nd period - Snap shot by Jaroslav Balastik.
10:26 of 2nd period - Stopped by Chad Johnson without a rebound.
10:27 of 2nd period - Ryan Jones wins face-off versus T.J. Hensick in Demolitions zone.
10:30 of 2nd period - Slapshot by Artem Anisimov.
10:30 of 2nd period - Shot Hit the Post.
12:15 of 2nd period - Snap shot by Darren Helm.
12:15 of 2nd period - Shot Blocked by Igor Radulov.
12:17 of 2nd period - Slapshot by Jordan LaVallee.
12:17 of 2nd period - Stopped by Dustin Tokarski with a rebound.
12:39 of 2nd period - Wrist shot by Ryan Keller.
12:39 of 2nd period - Shot Misses the Net.
13:19 of 2nd period - Snap shot by Darren Helm.
13:19 of 2nd period - Shot Misses the Net.
13:23 of 2nd period - Slapshot by Jordan LaVallee.
13:23 of 2nd period - Shot Blocked by Colten Teubert.
13:25 of 2nd period - Snap shot by Jordan LaVallee.
13:25 of 2nd period - Goal by Jordan LaVallee - Demolitions : 4 - Gangsters : 1.
13:26 of 2nd period - Brandon Dubinsky wins face-off versus Artem Anisimov in neutral zone.
13:26 of 2nd period - Brandon Dubinsky is hit by Jaroslav Balastik.
13:59 of 2nd period - Wrist shot by Mikko Lehtonen.
13:59 of 2nd period - Goal by Mikko Lehtonen - Demolitions : 4 - Gangsters : 2.
14:00 of 2nd period - Ryan Jones wins face-off versus Brandon Dubinsky in neutral zone.
14:07 of 2nd period - Slapshot by Jaroslav Balastik.
14:07 of 2nd period - Goal by Jaroslav Balastik - Demolitions : 4 - Gangsters : 3.
14:08 of 2nd period - Alexandre Bolduc wins face-off versus T.J. Hensick in neutral zone.
14:12 of 2nd period - Off-side.
14:13 of 2nd period - T.J. Hensick wins face-off versus Igor Radulov in neutral zone.
14:22 of 2nd period - Backhand shot by Alexandre Bolduc.
14:22 of 2nd period - Stopped by Chad Johnson with a rebound.
14:28 of 2nd period - Bryan Young is hit by Bobby Butler and loses puck.
14:39 of 2nd period - Snap shot by Brad Richardson.
14:39 of 2nd period - Stopped by Dustin Tokarski with a rebound.
14:41 of 2nd period - Snap shot by Daniel Paille.
14:41 of 2nd period - Stopped by Dustin Tokarski without a rebound.
14:42 of 2nd period - Brandon Dubinsky wins face-off versus Artem Anisimov in Gangsters zone.
15:49 of 2nd period - Wrist shot by Daniel Paille.
15:49 of 2nd period - Stopped by Dustin Tokarski with a rebound.
16:11 of 2nd period - Snap shot by Spencer Machacek.
16:11 of 2nd period - Shot Blocked by Bryan Young.
16:53 of 2nd period - Icing by Shaun Heska.
16:54 of 2nd period - T.J. Hensick wins face-off versus Alexandre Bolduc in Gangsters zone.
17:05 of 2nd period - Wrist shot by Ryan Keller.
17:05 of 2nd period - Stopped by Chad Johnson with a rebound.
17:40 of 2nd period - Jordan LaVallee is hit by Matt Delahey and loses puck.
18:11 of 2nd period - Wrist shot by Igor Radulov.
18:11 of 2nd period - Shot Misses the Net.
18:27 of 2nd period - Snap shot by Konstantin Pushkarev.
18:27 of 2nd period - Shot Blocked by Michael Sdao.
18:29 of 2nd period - Snap shot by Jordan LaVallee.
18:29 of 2nd period - Stopped by Dustin Tokarski without a rebound.
18:30 of 2nd period - Maxime Sauvé wins face-off versus Brandon Dubinsky in Gangsters zone.
18:35 of 2nd period - Wrist shot by Mikko Lehtonen.
18:35 of 2nd period - Shot Misses the Net.
18:55 of 2nd period - Snap shot by T.J. Hensick.
18:55 of 2nd period - Stopped by Dustin Tokarski with a rebound.
19:15 of 2nd period - Snap shot by Ryan Keller.
19:15 of 2nd period - Shot Misses the Net.
19:17 of 2nd period - Slapshot by Matt Delahey.
19:17 of 2nd period - Stopped by Chad Johnson with a rebound.
19:19 of 2nd period - Slapshot by Colten Teubert.
19:19 of 2nd period - Shot Misses the Net.
19:21 of 2nd period - Slapshot by Colten Teubert.
19:21 of 2nd period - Stopped by Chad Johnson without a rebound.
19:22 of 2nd period - Artem Anisimov wins face-off versus Brandon Dubinsky in Demolitions zone.
19:27 of 2nd period - Slapshot by Jaroslav Balastik.
19:27 of 2nd period - Shot Misses the Net.
Goals for this period are 2 for Demolitions vs 3 for Gangsters.
Shots for this period are 12 for Demolitions vs 10 for Gangsters.
3rd period
0:01 of 3rd period - Daniel Paille wins face-off versus Alexandre Bolduc in neutral zone.
0:48 of 3rd period - Shaun Heska is hit by Anssi Salmela and loses puck.
0:59 of 3rd period - Snap shot by Jaroslav Balastik.
0:59 of 3rd period - Deflect By Ryan Jones.
0:59 of 3rd period - Shot Misses the Net.
0:59 of 3rd period - Puck is out of play.
1:00 of 3rd period - Brandon Dubinsky wins face-off versus Alexandre Bolduc in Demolitions zone.
1:07 of 3rd period - Snap shot by Brad Richardson.
1:07 of 3rd period - Deflect By Igor Radulov.
1:07 of 3rd period - Stopped by Dustin Tokarski with a rebound.
1:09 of 3rd period - Slapshot by Brandon Dubinsky.
1:09 of 3rd period - Shot Misses the Net.
1:11 of 3rd period - Snap shot by Brandon Dubinsky.
1:11 of 3rd period - Stopped by Dustin Tokarski without a rebound.
1:12 of 3rd period - Alexandre Bolduc wins face-off versus Anthony Stewart in Gangsters zone.
1:37 of 3rd period - Kyle Cumiskey is hit by Artem Anisimov.
1:44 of 3rd period - Icing by Kyle Cumiskey.
1:45 of 3rd period - Daniel Paille wins face-off versus Alexandre Bolduc in Demolitions zone.
2:08 of 3rd period - Snap shot by Brad Richardson.
2:08 of 3rd period - Goal by Brad Richardson - Demolitions : 5 - Gangsters : 3.
2:09 of 3rd period - Alexandre Bolduc wins face-off versus T.J. Hensick in neutral zone.
2:23 of 3rd period - Snap shot by Ryan Keller.
2:23 of 3rd period - Stopped by Chad Johnson with a rebound.
2:25 of 3rd period - Snap shot by Ryan Keller.
2:25 of 3rd period - Deflect By Alexandre Bolduc.
2:25 of 3rd period - Shot Blocked by T.J. Hensick.
2:25 of 3rd period - Puck is out of play.
2:26 of 3rd period - Brandon Dubinsky wins face-off versus Artem Anisimov in Demolitions zone.
2:26 of 3rd period - Brandon Dubinsky is hit by Ryan Jones.
2:37 of 3rd period - Minor Penalty to Jaroslav Balastik for High sticking.
2:38 of 3rd period - Igor Radulov wins face-off versus Brandon Dubinsky in Gangsters zone.
4:37 of 3rd period - Penalty to Jaroslav Balastik is over, Jaroslav Balastik is back on ice.
5:02 of 3rd period - Icing by Bryan Young.
5:03 of 3rd period - Darren Helm wins face-off versus Ben Holmstrom in Gangsters zone.
5:10 of 3rd period - Snap shot by Jordan LaVallee.
5:10 of 3rd period - Shot Blocked by Shaun Heska.
5:28 of 3rd period - Artem Anisimov is hit by Anthony Stewart and loses puck.
5:49 of 3rd period - Colten Teubert is hit by Brad Richardson and loses puck.
7:35 of 3rd period - Slapshot by Igor Radulov.
7:35 of 3rd period - Stopped by Chad Johnson with a rebound.
7:37 of 3rd period - Slapshot by Alexandre Bolduc.
7:37 of 3rd period - Goal by Alexandre Bolduc - Demolitions : 5 - Gangsters : 4.
7:38 of 3rd period - T.J. Hensick wins face-off versus Alexandre Bolduc in neutral zone.
8:05 of 3rd period - Kyle Cumiskey is hit by Mikko Lehtonen and loses puck.
8:23 of 3rd period - Off-side.
8:24 of 3rd period - Dave Dziurzynski wins face-off versus Darren Helm in neutral zone.
8:40 of 3rd period - Minor Penalty to Richard Panik for High sticking.
8:41 of 3rd period - Igor Radulov wins face-off versus Daniel Paille in Gangsters zone.
8:49 of 3rd period - Snap shot by Brandon Dubinsky.
8:49 of 3rd period - Stopped by Dustin Tokarski without a rebound.
8:50 of 3rd period - Igor Radulov wins face-off versus Brandon Dubinsky in Gangsters zone.
9:05 of 3rd period - Slapshot by Brad Richardson.
9:05 of 3rd period - Shot Misses the Net.
9:07 of 3rd period - Slapshot by Anton Babchuk.
9:07 of 3rd period - Stopped by Dustin Tokarski without a rebound.
9:08 of 3rd period - T.J. Hensick wins face-off versus Igor Radulov in Gangsters zone.
9:23 of 3rd period - Snap shot by Bobby Butler.
9:23 of 3rd period - Shot Blocked by Bryan Young.
9:41 of 3rd period - Slapshot by Chris Bourque.
9:41 of 3rd period - Shot Misses the Net.
10:40 of 3rd period - Penalty to Richard Panik is over, Richard Panik is back on ice.
10:47 of 3rd period - Michael Sdao is hit by Darren Helm and loses puck.
10:54 of 3rd period - Richard Panik is hit by Anton Babchuk and loses puck.
11:11 of 3rd period - Spencer Machacek is hit by Michael Sdao and loses puck.
11:27 of 3rd period - Icing by Shaun Heska.
11:28 of 3rd period - Ryan Keller wins face-off versus Brandon Dubinsky in Gangsters zone.
11:33 of 3rd period - Bryan Young is hit by Daniel Paille.
11:53 of 3rd period - Snap shot by Igor Radulov.
11:53 of 3rd period - Shot Blocked by Seth Helgeson.
11:59 of 3rd period - Igor Radulov is hit by T.J. Hensick and loses puck.
12:30 of 3rd period - Brad Richardson is hit by Dave Dziurzynski and loses puck.
13:14 of 3rd period - Off-side.
13:15 of 3rd period - Ryan Keller wins face-off versus Brandon Dubinsky in neutral zone.
13:51 of 3rd period - Minor Penalty to Mikko Lehtonen for Roughing.
13:52 of 3rd period - Igor Radulov wins face-off versus Brandon Dubinsky in Gangsters zone.
14:23 of 3rd period - Off-side.
14:24 of 3rd period - Chris Bourque wins face-off versus T.J. Hensick in neutral zone.
14:27 of 3rd period - Snap shot by Shaun Heska.
14:27 of 3rd period - Stopped by Chad Johnson with a rebound.
15:51 of 3rd period - Penalty to Mikko Lehtonen is over, Mikko Lehtonen is back on ice.
16:11 of 3rd period - Snap shot by Ben Holmstrom.
16:11 of 3rd period - Deflect By Dave Dziurzynski.
16:11 of 3rd period - Stopped by Chad Johnson with a rebound.
16:31 of 3rd period - Wrist shot by Spencer Machacek.
16:31 of 3rd period - Shot Blocked by Ryan Keller.
16:33 of 3rd period - Backhand shot by Tim Erixon.
16:33 of 3rd period - Deflect By Petr Vrana.
16:33 of 3rd period - Stopped by Dustin Tokarski without a rebound.
16:34 of 3rd period - Corban Knight wins face-off versus Igor Radulov in Gangsters zone.
18:10 of 3rd period - Slapshot by Dave Dziurzynski.
18:10 of 3rd period - Stopped by Chad Johnson without a rebound.
18:11 of 3rd period - Brandon Dubinsky wins face-off versus Chris Bourque in Demolitions zone.
18:36 of 3rd period - Shaun Heska is hit by Anton Babchuk and loses puck.
19:05 of 3rd period - Wrist shot by Brad Richardson.
19:05 of 3rd period - Stopped by Dustin Tokarski without a rebound.
19:06 of 3rd period - Guy Carbonneau call a timeout for Gangsters.
19:06 of 3rd period - Alexandre Bolduc wins face-off versus Brandon Dubinsky in Gangsters zone.
19:20 of 3rd period - Wrist shot by Brad Richardson.
19:20 of 3rd period - Deflect By Brandon Dubinsky.
19:20 of 3rd period - Stopped by Dustin Tokarski without a rebound.
19:21 of 3rd period - Igor Radulov wins face-off versus Brandon Dubinsky in Gangsters zone.
19:26 of 3rd period - Gangsters, Dustin Tokarski is pulled from the net.
19:37 of 3rd period - Snap shot by Ryan Keller.
19:37 of 3rd period - Deflect By Alexandre Bolduc.
19:37 of 3rd period - Goal by Alexandre Bolduc - Demolitions : 5 - Gangsters : 5.
19:37 of 3rd period - Dustin Tokarski from Gangsters was sent back in the game.
19:38 of 3rd period - Darren Helm wins face-off versus Maxime Sauvé in neutral zone.
Goals for this period are 1 for Demolitions vs 2 for Gangsters.
Shots for this period are 8 for Demolitions vs 7 for Gangsters.
Overtime #1
0:01 of 1st overtime period - Igor Radulov wins face-off versus Brandon Dubinsky in neutral zone.
0:06 of 1st overtime period - Snap shot by Jaroslav Balastik.
0:06 of 1st overtime period - Shot Misses the Net.
0:08 of 1st overtime period - Snap shot by Igor Radulov.
0:08 of 1st overtime period - Goal by Igor Radulov - Demolitions : 5 - Gangsters : 6.
Goals for this period are 0 for Demolitions vs 1 for Gangsters.
Shots for this period are 0 for Demolitions vs 1 for Gangsters.
Output by the SimonT Hockey Simulator (STHS) for François Prévost -- Original Page W3C XHTML 1.0 Valid